 Dungeon Crawl Stone Soup version 0.28-a0-1447-ga5a8893891 (webtiles) character file.

Game seed: 16942903682832074831

653 backslashecho the Cleaver (level 7, 0/64 HPs)
             Began as a Minotaur Cinder Acolyte on Jan 10, 2022.
             Was a High Priest of Ignis.
             Slain by Pikel (5 damage)
             ... on level 4 of the Dungeon.
             The game lasted 00:09:56 (3181 turns).

backslashecho the Cleaver (Minotaur Cinder Acolyte) Turns: 3181, Time: 00:09:56

Health: 0/64       AC:  9    Str: 21    XL:     7   Next: 28%
Magic:  7/7        EV: 11    Int: 11    God:    Ignis [*****.]
Gold:   175        SH:  0    Dex:  5    Spells: 8/8 levels left

rFire   + . .      SeeInvis .   a - -1 hand axe (flame)
rCold   . . .      Faith    .   (no shield)
rNeg    + . .      Spirit   .   f - +0 chain mail
rPois   .          Reflect  .   (helmet restricted)
rElec   .          Harm     .   e - +0 cloak
rCorr   .          Rampage  .   (no gloves)
Will    .....                   (no boots)
Stlth   ..........              (no amulet)
HPRegen 0.20/turn               j - +4 ring of evasion
MPRegen 0.10/turn               b - ring of positive energy

@: no status effects
A: horns 2, retaliatory headbutt
a: Renounce Religion, Fiery Armour, Foxfire Swarm, Rising Flame


You were on level 4 of the Dungeon.
You worshipped Ignis.
Ignis was extremely pleased with you.
You visited 1 branch of the dungeon, and saw 4 of its levels.

You collected 175 gold pieces.

Inventory:

Hand Weapons
 a - a -1 hand axe of flaming (weapon)
Missiles
 k - 19 poisoned darts (quivered)
Armour
 e - a +0 cloak (worn)
 f - a +0 chain mail (worn)
Jewellery
 b - a ring of positive energy (right hand)
 c - a +6 ring of dexterity
 j - a +4 ring of evasion (left hand)
Scrolls
 h - 2 scrolls of teleportation
 i - 3 scrolls of identify
 l - a scroll of fear {unknown}
 m - 2 scrolls of blinking {unknown}
 p - 4 scrolls of enchant weapon {unknown}
 q - 2 scrolls of enchant armour {unknown}
 s - a scroll of noise {unknown}
Potions
 d - a potion of haste
 n - a potion of might {unknown}
 o - a potion of mutation {unknown}
 r - a potion of brilliance {unknown}


   Skills:
 + Level 6.5 Fighting
 * Level 8.6 Axes
 - Level 1.0 Spellcasting
 - Level 2.1 Fire Magic


You had 8 spell levels left.
You didn't know any spells.
Your spell library contained the following spells:

 Spells                   Type           Power      Damage    Failure   Level
 Scorch                   Fire           10%        2d5       92%         2
 Animate Skeleton         Necr           0%         N/A       98%         1
 Apportation              Tloc           0%         N/A       98%         1
 Beastly Appendage        Tmut           0%         N/A       98%         1
 Summon Small Mammal      Summ           0%         N/A       98%         1
 Blink                    Tloc           0%         N/A       99%         2
 Wereblood                Tmut           0%         N/A       99%         2
 Lesser Beckoning         Tloc           0%         N/A       100%        3
 Spider Form              Tmut/Pois      0%         N/A       100%        3
 Manifold Assault         Tloc           0%         N/A       100%        5


Dungeon Overview and Level Annotations

Branches:
Dungeon (4/15)
 Temple: D:4-7

Altars:
Cheibriados
Qazlal
Ru
Wu Jian
Xom
Yredelemnul

Annotations:
D:4 2 runed translucent doors, Pikel; dracfodder's ghost, weakling HuCj


Innate Abilities, Weirdness & Mutations

You have a pair of horns on your head.
You reflexively headbutt those who attack you in melee.


Message History

Pikel barely misses you.
You hit Pikel. You burn Pikel. You headbutt Pikel.
Pikel is heavily wounded.
Pikel closely misses you.
You hit Pikel. You burn Pikel.
Pikel is heavily wounded.
Pikel hits you with a +1 whip of freezing.
Pikel freezes you.
You take 4 damage, and have 35/64 hp.
You closely miss Pikel.
Pikel is heavily wounded.
Pikel hits you with a +1 whip of freezing.
Pikel freezes you.
You take 2 damage, and have 33/64 hp.
You hit Pikel. You burn Pikel.
Pikel is severely wounded.
You barely miss Pikel.
Pikel is severely wounded.
Pikel hits you with a +1 whip of freezing!
Pikel freezes you.
You take 11 damage, and have 22/64 hp.
You closely miss Pikel.
Pikel is severely wounded.
Pikel closely misses you.
You hit Pikel but do no damage.
Pikel is severely wounded.
Pikel hits you with a +1 whip of freezing.
* * * LOW HITPOINT WARNING * * *
Pikel freezes you.
* * * LOW HITPOINT WARNING * * *
You take 8 damage, and have 14/64 hp.
You hit Pikel but do no damage.
Pikel is severely wounded.
Pikel hits you with a +1 whip of freezing!
* * * LOW HITPOINT WARNING * * *
Pikel freezes you.
* * * LOW HITPOINT WARNING * * *
You take 12 damage, and have 2/64 hp.
Pikel hits you with a +1 whip of freezing.
You die...

##. #.. #.. ####.. #########
#..... #.......# ###.#### .
#)......# #.....#
...###...g...#############..≈≈.##
..5..g...h.555.K@..........≈⌠....
...###.......############..≈≈....
. ######### #..........
#[########. #.# #.... #.#####.##.
### #....##.#.# ...########
####.##.#..
###(#......##########.##.#.#


You could see Pikel, a black bear, 3 lemures and a goblin.

Vanquished Creatures
  Grinder (D:4)
  A necrophage (D:3)
  Blork the orc (D:4)
  A bullfrog (D:4)
  A water moccasin skeleton (D:4)
  2 hounds (D:4)
  2 orc wizards (D:4)
  A hound skeleton (D:4)
  An adder (D:3)
  An adder skeleton (D:4)
  A worm (D:3)
  2 dart slugs (D:1)
  2 orcs
  8 endoplasms
  2 giant cockroaches (D:4)
  5 goblins
  3 hobgoblins
  6 kobolds
  2 quokkas (D:3)
  5 ball pythons
  9 bats
  3 rats
60 creatures vanquished.

Notes
Turn   | Place    | Note
-------+----------+-------------------------------------------
     0 | D:1      | backslashecho the Minotaur Cinder Acolyte began the quest
                  | for the Orb.
     0 | D:1      | Reached XP level 1. HP: 19/19 MP: 1/1
   254 | D:1      | Reached skill level 4 in Axes
   283 | D:1      | Reached XP level 2. HP: 26/27 MP: 2/2
   843 | D:2      | Reached XP level 3. HP: 33/33 MP: 3/3
  1112 | D:2      | Found a faded altar of an unknown god.
  1533 | D:3      | Reached skill level 5 in Axes
  1651 | D:3      | Found a basalt altar of Yredelemnul.
  1812 | D:3      | Found a sacrificial altar of Ru.
  1891 | D:3      | Found an ornate altar of the Wu Jian Council.
  1891 | D:3      | Found a stormy altar of Qazlal.
  1945 | D:4      | Noticed Blork the orc
  1945 | D:4      | Noticed Grinder
  1964 | D:4      | Noticed a necrophage
  1964 | D:4      | Noticed a black bear
  1964 | D:4      | Found a large runed translucent door.
  1964 | D:4      | Found a large runed translucent door.
  2058 | D:4      | Reached XP level 4. HP: 41/41 MP: 4/4
  2163 | D:4      | Reached skill level 6 in Axes
  2164 | D:4      | Reached skill level 5 in Fighting
  2164 | D:4      | Reached XP level 5. HP: 35/48 MP: 5/5
  2304 | D:4      | Found an opulent altar of Gozag.
  2306 | D:4      | Found a blossoming altar of Fedhas.
  2306 | D:4      | Found a shimmering blue altar of Sif Muna.
  2308 | D:4      | Found a shimmering altar of Xom.
  2308 | D:4      | Found a sacrificial altar of Ru.
  2308 | D:4      | Found a bloodstained altar of Trog.
  2417 | D:4      | Killed Blork the orc
  2550 | D:4      | Reached skill level 7 in Axes
  2555 | D:4      | Found a snail-covered altar of Cheibriados.
  2626 | D:3      | Killed a necrophage
  2627 | D:3      | Reached XP level 6. HP: 49/57 MP: 6/6
  2725 | D:4      | Noticed dracfodder's ghost (weakling HuCj)
  2805 | D:4      | Paralysed by Grinder for 7 turns
  2822 | D:4      | Killed Grinder
  2823 | D:4      | Reached skill level 8 in Axes
  2823 | D:4      | Reached XP level 7. HP: 20/63 MP: 7/7
  3139 | D:4      | Noticed Pikel
  3170 | D:4      | HP: 2/64 [Pikel (2)]
  3181 | D:4      | Slain by Pikel

Illustrated notes

Levels and vault maps discovered:
D:1:      dpeg_arrival_rhombi, layout_rooms
D:2:      layout_loops_ring, ebering_ecumenical_altar_sacrificial,
          nicolae_concentric_dashed_squares_mild
D:3:      layout_rooms, grunt_temple_overflow_open, nicolae_ru_path_of_blood,
          st_stairs_6, grunt_ministairs_2, kennysheep_nub
D:4:      layout_basic, mainiacjoe_overflow_tiny_flanked, doesnt_xom_only_xom,
          ebering_ghost_disaster_area, st_stairs_14, corexii_leaking_fountain,
          uniq_pikel, uniq_blork_the_orc, uniq_grinder

Skill      XL: |  1  2  3  4  5  6 |
---------------+-------------------+-----
Axes           | 4 5 6 7 8 |  8.6
Fighting       | 4 5 6 |  6.5
Spellcasting   | |  1.0
Fire Magic     | |  2.1

Action                   |  1- 3 |  4- 6 |  7- 9 || total
-------------------------+-------+-------+-------++-------
Melee: Hand axe          |    76 |    76 |    34 ||   186
       Headbutt          |     9 |     8 |     3 ||    20
       Punch             |     1 |     2 |       ||     3
Throw: Dart              |       |     2 |       ||     2
  Use: Scroll            |     1 |     2 |       ||     3
       Potion            |       |     1 |       ||     1
Armor: Robe              |     3 |       |       ||     3
       Chain mail        |    41 |    35 |     4 ||    80
Dodge: Dodged            |    41 |    23 |    14 ||    78

Table legend: (Time is in decaauts)
 A = Elapsed time spent in this place.
 B = Non-inter-level travel time spent in this place.
 C = Inter-level travel time spent in this place.
 D = Time resting spent in this place.
 E = Time spent auto-exploring this place.
 F = Levels seen in this place.
 G = Mean time per level.
                   A        B        C        D        E       F      G
               +--------+--------+--------+--------+--------+-----+--------+
         Total |   3178 |   2935 |    243 |    396 |   1600 |   4 |  794.5 |
       Dungeon |   3178 |   2935 |    243 |    396 |   1600 |   4 |  794.5 |
               +--------+--------+--------+--------+--------+-----+--------+

Top non-repeatable levels by time:
     D:3: 873 daAuts
     D:4: 853 daAuts
     D:2: 771 daAuts
     D:1: 680 daAuts
